 Dungeon Crawl Stone Soup version 0.31.0-11-ge490571c62 (webtiles) character file.

Game seed: 2675257770029655697

6320 RancidPinata the Covert (level 10, -4/73 HPs)
             Began as an Octopode Delver on Jan 30, 2024.
             Was an Initiate of Ru.
             Killed by the air
             ... invoked by Gastronok
              (41 damage)
             ... on level 1 of the Lair of Beasts.
             The game lasted 00:51:19 (11982 turns).

RancidPinata the Covert (Octopode Delver)          Turns: 11982, Time: 00:51:23

Health: -4/73      AC:  9    Str: 13    XL:     10   Next: 95%
Magic:  10/10      EV: 15    Int: 13    God:    Ru [......]
Gold:   574        SH: 10    Dex: 16    Spells: 9/9 levels left

rFire   . . .        k - +2 short sword (venom)
rCold   . . .        w - +0 kite shield
rNeg    . . .        (helmet restricted)
rPois   .            R - amulet of the acrobat
rElec   .            h - +4 ring of protection
rCorr   .            i - ring of wizardry
SInv    .            N - +4 ring of protection
Will    .....        (no ring)
Stlth   ++++++       (no ring)
HPRegen 0.32/turn    (no ring)
MPRegen 0.12/turn    (no ring)
                     (no ring)

%: acrobat, wizardry (x1)
@: hasted, very quick
A: almost no armour, amphibious, 8 rings, camouflage 1, gelatinous body 1,
(nimble swimmer 1), tentacles
a: Renounce Religion


You were on level 1 of the Lair of Beasts.
You worshipped Ru.
Ru was noncommittal.
You visited 2 branches of the dungeon, and saw 11 of its levels.

You collected 574 gold pieces.

Inventory:

Hand Weapons
 a - a +0 short sword
 k - a +2 short sword of venom (weapon)
 t - a +0 short sword of electrocution
 O - a +2 vampiric short sword
Missiles
 l - 36 poisoned darts (quivered)
 u - 48 stones
 D - 10 javelins
 S - 3 darts of dispersal
 T - a throwing net
Armour
 m - a +0 buckler
 w - a +0 kite shield (worn)
 M - a +1 hat
Magical Staves
 g - a staff of earth
Jewellery
 h - a +4 ring of protection (left tentacle)
 i - a ring of wizardry (right tentacle)
 j - a ring of fire
 G - a ring of ice
 N - a +4 ring of protection (on tentacle)
 R - an amulet of the acrobat (around mantle)
Talismans
 J - a maw talisman
Wands
 f - a wand of digging (3)
 I - a wand of polymorph (19)
Scrolls
 b - a scroll of fog
 c - 5 scrolls of revelation
 o - 4 scrolls of blinking
 r - a scroll of amnesia {unknown}
 s - 3 scrolls of vulnerability
 v - 2 scrolls of teleportation {unknown}
 y - a scroll of noise {unknown}
 E - 2 scrolls of fear
 K - a scroll of brand weapon
 L - 2 scrolls of immolation
 P - 2 scrolls of identify
 Q - a scroll of enchant armour {unknown}
Potions
 d - a potion of resistance {unknown}
 e - a potion of might {unknown}
 n - 6 potions of curing
 p - 2 potions of heal wounds {unknown}
 q - 2 potions of magic
 x - 2 potions of invisibility
 z - a potion of attraction {unknown}
 A - 2 potions of mutation {unknown}
 B - a potion of haste
 C - 3 potions of lignification
 F - a potion of ambrosia {unknown}
 H - 2 potions of enlightenment
 U - a potion of berserk rage {unknown}


   Skills:
 + Level 8.4 Fighting
 + Level 8.0 Short Blades
 + Level 8.1 Dodging
 - Level 12.0 Stealth
 + Level 5.5 Shields


You had 9 spell levels left.
You didn't know any spells.
Your spell library contained the following spells:

 Spells                   Type           Power      Damage    Failure   Level
 Necrotise                Necr           0%         1d4       34%         1
 Summon Ice Beast         Ice/Summ       0%         N/A       71%         3
 Vampiric Draining        Necr           0%         2d6       71%         3
 Ignite Poison            Fire/Alch      0%         N/A       97%         4
 Martyr's Knell           Necr/Summ      0%         N/A       97%         4
 Sticky Flame             Fire/Alch      0%         2d4       97%         4
 Curse of Agony           Necr           0%         N/A       100%        5
 Summon Mana Viper        Hex/Summ       0%         N/A       100%        5
 Monstrous Menagerie      Summ           0%         N/A       100%        7
 Ignition                 Fire           0%         3d3       100%        8


Dungeon Overview and Level Annotations

Branches:
Dungeon (9/15)             Temple (0/1) D:7            Lair (2/5) D:8
 Shoals (0/4) Lair:2
  Snake: Lair:2-3    Spider: Lair:2-3       Orc: D:9-12

Altars:
Ashenzari
Kikubaaqudgha
Okawaru
Ru
Vehumet
Zin

Shops:
D:2 [

Annotations:
Lair:1 Gastronok


Innate Abilities, Weirdness & Mutations

You cannot wear most types of armour.
You are amphibious.
You can wear up to eight rings at the same time.
Your skin changes colour to match your surroundings (Stealth+).
Your rubbery body absorbs attacks. (AC +1, EV +1)
((You are camouflaged when in or above water. (Stealth+)))
You have tentacles for arms and can constrict up to eight enemies at once.


Message History

Gastronok gurgles horribly!
Gastronok waves his eye-stalks in wide circles.
The air twists around and strikes you!!
You feel better.
You feel yourself speed up.
Okay, then.
You hit Gastronok.
Gastronok is poisoned.
Gastronok is lightly wounded.
You hit Gastronok.
Gastronok looks as sick as possible!
Gastronok is lightly wounded.
You hit Gastronok.
Gastronok looks as sick as possible!
You squeeze Gastronok.
Gastronok is lightly wounded.
You hit Gastronok.
Gastronok is lightly wounded.
Gastronok bites you!!
You hit Gastronok.
You squeeze Gastronok, but do no damage.
Gastronok is lightly wounded.
You hit Gastronok.
Gastronok looks as sick as possible!
You tentacle-slap Gastronok, but do no damage.
You squeeze Gastronok, but do no damage.
Gastronok is lightly wounded.
You hit Gastronok.
Gastronok looks as sick as possible!
Gastronok is moderately wounded.
Gastronok chants a spell, wobbling all the while.
You hit Gastronok.
Gastronok looks as sick as possible!
Your squeeze misses Gastronok.
Gastronok is moderately wounded.
You hit Gastronok.
Gastronok looks as sick as possible!
Gastronok is moderately wounded.
You hit Gastronok.
Gastronok looks as sick as possible!
Gastronok is moderately wounded.
The river rat bites you!
You completely miss Gastronok. You squeeze Gastronok.
Gastronok is moderately wounded.
Gastronok waves his eye-stalks in wide circles.
The air twists around and strikes you!!!
Ouch! That really hurt!
You die...
Gastronok gurgles, "About time.
I'm starving!"

...........................
........................
........................
........................
........................
........................
........................
........................
...............r@w....#
.................r...##
#...................##
#................##.#
##..............## ##
#............###
#....##.....##
#...###.....#
#...........##


You could see Gastronok (extremely poisoned) and 2 river rats.

Vanquished Creatures
  Pikel (D:6)
  A komodo dragon (Lair:1)
  A troll (D:9)
  Sigmund (D:4)
  A wyvern (Lair:1)
  2 humans (D:9)
  A steam dragon (D:8)
  Eustachio (D:4)
  A basilisk (Lair:1)
  An acid dragon (D:9)
  5 water moccasins
  2 ice beasts
  3 sky beasts
  A black bear (D:3)
  2 orc warriors
  An ogre (D:7)
  4 centaurs
  2 wolves
  A phantom (D:4)
  2 kobold brigands
  3 gnoll sergeants
  5 bullfrogs
  2 scorpions
  8 killer bees
  6 howler monkeys
  2 bombardier beetles
  7 orc priests
  6 hounds
  A jelly (D:7)
  2 sleepcaps
  6 orc wizards
  13 gnolls
  9 adders
  A shadow imp (D:6)
  A white imp (D:6)
  A dart slug (D:4)
  4 ribbon worms (D:2)
  24 orcs
  4 endoplasms
  4 giant cockroaches
  3 goblins
  2 hobgoblins
  8 jackals
  5 quokkas
  10 ball pythons
  4 bats
  3 frilled lizards
  18 kobolds
  10 rats
206 creatures vanquished.

Notes
Turn   | Place    | Note
-------+----------+-------------------------------------------
     0 | D:5      | RancidPinata the Octopode Delver began the quest for the
                  | Orb.
     0 | D:5      | Reached XP level 1. HP: 16/16 MP: 1/1
    19 | D:5      | Noticed an ice beast
    35 | D:6      | Noticed a sky beast
    60 | D:5      | Noticed a sleepcap
    91 | D:4      | Killed a sleepcap
    92 | D:4      | Reached XP level 2. HP: 7/21 MP: 2/2
    92 | D:4      | Reached XP level 3. HP: 9/26 MP: 3/3
   200 | D:4      | Noticed a black bear
   203 | D:4      | Noticed Sigmund
   509 | D:3      | Reached skill level 7 in Stealth
   982 | D:2      | Reached XP level 4. HP: 31/31 MP: 4/4
  1060 | D:2      | Found Moxto's Armour Emporium.
  2433 | D:1      | Reached XP level 5. HP: 37/37 MP: 5/5
  3044 | D:3      | Killed a black bear
  3045 | D:3      | Reached XP level 6. HP: 25/43 MP: 6/6
  3388 | D:4      | Reached skill level 8 in Stealth
  3531 | D:4      | Killed Sigmund
  3532 | D:4      | Reached skill level 1 in Shields
  3532 | D:4      | Reached XP level 7. HP: 44/49 MP: 7/7
  3622 | D:4      | Noticed Eustachio
  3639 | D:4      | Killed Eustachio
  3731 | D:4      | Found a glowing silver altar of Zin.
  3731 | D:4      | Noticed an angel
  4034 | D:4      | Found a radiant altar of Vehumet.
  4041 | D:4      | Found a broken altar of Ashenzari.
  4228 | D:5      | Reached skill level 5 in Fighting
  4249 | D:5      | Reached skill level 9 in Stealth
  4249 | D:5      | Reached XP level 8. HP: 55/55 MP: 8/8
  4334 | D:5      | Noticed a wyvern
  5323 | D:6      | Reached skill level 5 in Short Blades
  5323 | D:6      | Reached skill level 5 in Dodging
  5405 | D:6      | Noticed Pikel
  5443 | D:6      | Killed Pikel
  5444 | D:6      | Reached skill level 10 in Stealth
  5444 | D:6      | Reached XP level 9. HP: 26/62 MP: 9/9
  6168 | D:6      | Found an ancient bone altar of Kikubaaqudgha.
  6479 | D:7      | Found a sacrificial altar of Ru.
  6489 | D:7      | Became a worshipper of Ru the Awakened
  6871 | D:7      | Found a staircase to the Ecumenical Temple.
  7343 | D:7      | Reached skill level 11 in Stealth
  8238 | D:7      | Reached XP level 10. HP: 29/71 MP: 10/10
  8848 | D:8      | Found a staircase to the Lair.
 10452 | D:9      | Reached skill level 12 in Stealth
 10478 | D:9      | Found an iron altar of Okawaru.
 10867 | D:9      | Reached skill level 5 in Shields
 10952 | D:9      | Noticed a two-headed ogre
 11386 | Lair:1   | Entered Level 1 of the Lair of Beasts
 11625 | Lair:1   | Noticed a cane toad
 11704 | Lair:1   | You fall into a shaft and drop 1 floor!
 11714 | Lair:2   | Found a staircase to the Shoals.
 11964 | Lair:1   | Noticed Gastronok
 11982 | Lair:1   | Killed from afar by Gastronok

Illustrated notes

Levels and vault maps discovered:
D:1:      lightli_arrival_statuegarden, layout_basic, fountainhead,
          minmay_split_cup_large
D:2:      layout_basic, serial_shops, shop
D:3:      layout_basic, serial_forest, infiniplex_forest_clump_medium,
          infiniplex_forest_lined_3, infiniplex_forest_clump_curved,
          infiniplex_forest_lined_corner, infiniplex_forest_clump_curved
D:4:      layout_loops_corners, amethyst_overflow_temple_binary, zin_angel,
          uniq_sigmund, uniq_eustachio
D:5:      layout_cave_pools
D:6:      layout_rooms, nicolae_kikubaaqudgha_miasma_corner, uniq_pikel
D:7:      layout_loops_ring, mainiacjoe_overflow_alcove_2,
          minmay_temple_entry_large_hall, minmay_puff
D:8:      layout_cave_pools, erik_lair_orcish_takeover, serial_co_window_serial,
          co_window_paths_a, co_window_corner_a, co_window_corner_a,
          co_window_paths_b, co_window_cross_1, co_window_corner_b,
          co_window_unsneaky_path_a, co_window_paths_c, co_window_corner_b,
          co_window_4corner_b, glass_columns_b, glass_columns_b
D:9:      layout_irregular_city, okawaru_humans, chequers_arboretum,
          kennysheep_generic_room_2
Lair:1:   layout_cave_shapes, st_stairs_13, uniq_gastronok
Lair:2:   layout_gridlike, mainiacjoe_shoals_entry_four_pools,
          spider_nest_entry_a, serial_rivers, chequers_serial_rivers_room_a,
          chequers_serial_rivers_small_a, chequers_serial_rivers_micro_e,
          chequers_serial_rivers_micro_c, chequers_serial_rivers_small_a,
          chequers_serial_rivers_micro_e

Skill      XL: |  1  2  3  4  5  6  7  8  9 10 |
---------------+-------------------------------+-----
Stealth        | 7 8 9 10 11 12 | 12.0
Dodging        | 3 4 5 6 8 |  8.1
Short Blades   | 3 4 5 6 8 |  8.0
Fighting       | 4 5 6 7 8 |  8.4
Shields        | 1 2 4 5 |  5.5

Action                     |  1- 3 |  4- 6 |  7- 9 | 10-12 || total
---------------------------+-------+-------+-------+-------++-------
  Melee: Short sword       |    39 |    97 |   234 |   245 ||   615
         Tentacles         |     9 |     8 |    73 |    77 ||   167
         Constrict         |     8 |    17 |    52 |    33 ||   110
         Punch             |       |     1 |     6 |     8 ||    15
  Throw: Dart              |       |       |     9 |       ||     9
 Invoke: Reject Sacrifices |       |       |       |     1 ||     1
    Use: Potion            |     1 |     1 |       |     3 ||     5
         Scroll            |     1 |       |     1 |     9 ||    11
   Stab: Sleeping          |     5 |    28 |    16 |     9 ||    58
         Distracted        |       |     1 |       |       ||     1
 Armour: Skin              |    34 |    46 |   105 |   100 ||   285
  Dodge: Dodged            |    44 |    45 |   133 |   156 ||   378
  Block: Buckler           |     3 |     8 |    54 |    10 ||    75
         Kite shield       |       |       |       |   101 ||   101
